 Seeded DCSS version 0.30.1-9-gdf580d7c3d (webtiles) character file.

Game seed: 9106806156630997546 (custom seed)

579 Psyclone the Magician (level 7, -4/36 HPs)
             Began as a Deep Elf Conjurer on Sept 26, 2023.
             Slain by a gnoll
             ... wielding a +0 flail
             ... led by a gnoll sergeant
              (8 damage)
             ... on level 5 of the Dungeon.
             The game lasted 00:08:32 (3193 turns).

Psyclone the Magician (Deep Elf Conjurer)           Turns: 3193, Time: 00:08:32

Health: -4/36      AC:  4    Str:  4    XL:     7   Next: 13%
Magic:  4/20       EV: 17    Int: 25    God:
Gold:   151        SH:  0    Dex: 13    Spells: 18/21 levels left

rFire   . . .        j - +9 mace of World Downfall {flame, Will+ SInv}
rCold   . . .        (no shield)
rNeg    . . .        a - +0 robe
rPois   +            (no helmet)
rElec   .            (no cloak)
rCorr   .            s - +0 pair of gloves
SInv    +            u - +0 pair of boots
Will    +....        (no amulet)
Stlth   ++           i - ring of poison resistance
HPRegen 0.26/turn    r - +5 ring of evasion
MPRegen 0.17/turn

%: no passive effects
@: studying Throwing
A: no striking features
a: no special abilities


You were on level 5 of the Dungeon.
You visited 1 branch of the dungeon, and saw 6 of its levels.

You collected 151 gold pieces.

Inventory:

Hand Weapons
 j - the +9 mace of World Downfall (weapon) {flame, Will+ SInv}
   (You found it on level 4 of the Dungeon)

   SInv:      It lets you see invisible.
   Will:      It increases your willpower.
Armour
 a - a +0 robe (worn)
 s - a +0 pair of gloves (worn)
 u - a +0 pair of boots (worn)
Jewellery
 i - a ring of poison resistance (left hand)
 q - a ring of flight
 r - a +5 ring of evasion (right hand)
Scrolls
 d - 2 scrolls of blinking {unknown}
 k - a scroll of noise {unknown}
 o - 2 scrolls of enchant armour {unknown}
 p - a scroll of poison {unknown}
 t - a scroll of vulnerability {unknown}
 v - 2 scrolls of identify {unknown}
 w - a scroll of acquirement {unknown}
Potions
 b - a potion of magic
 e - 5 potions of curing {unknown}
 f - a potion of berserk rage {unknown}
 g - 4 potions of brilliance {unknown}
 h - a potion of lignification {unknown}
 l - 2 potions of attraction {unknown}
 m - 2 potions of might {unknown}
 n - a potion of haste {unknown}


   Skills:
 - Level 2.4 Dodging
 - Level 2.4 Stealth
 + Level 7.7 Spellcasting
 + Level 7.4 Conjurations


You had 18 spell levels left.
You knew the following spells:

 Your Spells              Type           Power      Damage    Failure   Level
a - Magic Dart            Conj           100%       1d8       1%          1
b - Searing Ray           Conj           92%        2d7       1%          2

Your spell library contained the following spells:

 Spells                   Type           Power      Damage    Failure   Level
 Dazzling Flash           Conj/Hex       56%        N/A       4%          3
 Scorch                   Fire           18%        2d5       10%         2
 Flame Wave               Conj/Fire      28%        2d9       14%         4
 Fulminant Prism          Conj/Hex       14%        3d8       14%         4
 Iskenderun's Mystic Bla  Conj/Tloc      28%        2d7       14%         4
 Summon Cactus Giant      Summ           4%         N/A       100%        6


Dungeon Overview and Level Annotations

Branches:
Dungeon (6/15) Zot: 26709
 Temple: D:4-7

Altars:
Cheibriados
Qazlal

Shops:
D:1 =

Annotations:
D:2 1 runed translucent door, Crazy Yiuf
D:3 Sigmund
D:4 1 runed translucent door, monsoonserge's ghost, amateur DsMo


Message History

Aim: a gnoll sergeant, wielding a +5 trident, wearing a +0 scale mail and wearing a +0 kite shield (89% to hit)
The searing ray hits the gnoll sergeant.
The gnoll sergeant is moderately wounded. (Press . to maintain the ray.)
You now have 11/19 mp.
The searing ray hits the gnoll sergeant!
The gnoll sergeant is severely wounded.
The gnoll sergeant hits you from afar with a +5 trident.
You take 5 damage, and have 31/36 hp.
You now have 10/19 mp.
The searing ray hits the gnoll sergeant.
The gnoll sergeant is severely wounded.
The gnoll sergeant hits you from afar with a +5 trident!
You take 16 damage, and have 15/36 hp.
MASSIVE DAMAGE!!
You now have 9/19 mp.
The searing ray hits the gnoll sergeant.
The gnoll sergeant is almost dead.
You finish channelling your searing ray.
The gnoll sergeant hits you from afar with a +5 trident!
* * * LOW HITPOINT WARNING * * *
You take 12 damage, and have 3/36 hp.
MASSIVE DAMAGE!!
You now have 8/19 mp.
Casting: Searing Ray (safe; 1% risk of failure)
Confirm with . or Enter, or press ? or * to list all spells.
Aiming: Searing Ray (safe; 1% risk of failure)
Press: ? - help, Shift-Dir - straight line, f/p - gnoll sergeant
Aim: a gnoll sergeant, wielding a +5 trident, wearing a +0 scale mail and wearing a +0 kite shield (almost dead, 89% to hit)
The searing ray hits the gnoll sergeant but does no damage.
The gnoll sergeant is almost dead. (Press . to maintain the ray.)
The gnoll sergeant closely misses you.
You now have 7/19 mp.
The searing ray hits the gnoll sergeant!
You kill the gnoll sergeant!
A gnoll comes into view. It is wielding a +0 flail.
You now have 6/20 mp.
The searing ray misses the gnoll.
You now have 5/20 mp.
The searing ray hits the gnoll!
The gnoll is heavily wounded.
You finish channelling your searing ray.
The gnoll hits you with a +0 flail!
You die...

#...#
#+#...#+#
#)......#
###...###
+...'.# #
#####.#+# .#
#.....# .#
+.....##+###)#
#.....##..@g.#
###.#'##.#####
+.#....#
########


You could see a gnoll.

Vanquished Creatures
  An ogre (D:4)
  A phantom (D:5)
  A gnoll sergeant (D:5)
  A gnoll bouda (D:5)
  A sleepcap (D:6)
  Jessica (D:2)
  Natasha (thrice) (D:3)
  A mummy (D:5)
  Robin (D:2)
  3 adders
  7 gnolls
  A white imp (D:5)
  A worm (D:2)
  2 dart slugs
  4 orcs (D:6)
  5 ball pythons
  5 bats
  4 endoplasms
  A giant cockroach (D:2)
  22 goblins
  2 hobgoblins
  3 jackals (D:2)
  6 kobolds
  A quokka (D:4)
  2 frilled lizards (D:1)
  A rat (D:1)
81 creatures vanquished.

Notes
Turn   | Place    | Note
-------+----------+-------------------------------------------
     0 | D:1      | Psyclone the Deep Elf Conjurer began the quest for the Orb.
     0 | D:1      | Reached XP level 1. HP: 10/10 MP: 6/6
   293 | D:1      | Reached XP level 2. HP: 15/15 MP: 2/8
   345 | D:1      | Found Cetaas's Jewellery Emporium.
   774 | D:2      | Found a stormy altar of Qazlal.
   874 | D:2      | Learned a level 2 spell: Searing Ray
  1143 | D:2      | Reached skill level 5 in Conjurations
  1143 | D:2      | Reached XP level 3. HP: 19/19 MP: 4/10
  1143 | D:2      | Noticed Robin
  1245 | D:2      | Killed Robin
  1391 | D:2      | Noticed Jessica
  1393 | D:2      | Killed Jessica
  1394 | D:2      | Reached XP level 4. HP: 24/24 MP: 8/12
  1634 | D:2      | Found a runed translucent door.
  1635 | D:2      | Noticed Crazy Yiuf
  1661 | D:3      | Noticed Natasha
  1667 | D:3      | Killed Natasha
  1668 | D:3      | Reached skill level 5 in Spellcasting
  1742 | D:3      | Noticed Sigmund
  1935 | D:3      | Noticed Natasha
  1940 | D:3      | Killed Natasha
  2107 | D:3      | Noticed Natasha
  2111 | D:3      | Killed Natasha
  2112 | D:3      | Reached XP level 5. HP: 28/28 MP: 9/15
  2645 | D:4      | Found a runed translucent door.
  2651 | D:4      | Noticed monsoonserge's ghost (amateur DsMo)
  2700 | D:4      | Noticed an ogre
  2703 | D:4      | Killed an ogre
  2704 | D:4      | Reached XP level 6. HP: 32/32 MP: 12/17
  2710 | D:4      | Identified the +9 mace of World Downfall {flame, Will+
                  | SInv}
  2812 | D:4      | You fall into a shaft and drop 2 floors!
  2903 | D:5      | Entered Level 5 of the Dungeon
  3053 | D:5      | Found a snail-covered altar of Cheibriados.
  3150 | D:5      | Noticed a yak
  3150 | D:5      | Noticed a yak
  3150 | D:5      | Noticed a yak
  3151 | D:5      | Noticed a yak
  3151 | D:5      | Noticed a yak
  3151 | D:5      | Noticed a yak
  3185 | D:5      | Reached XP level 7. HP: 36/36 MP: 13/19
  3193 | D:5      | Slain by a gnoll

Illustrated notes

Levels and vault maps discovered:
D:1:      onia_arrival_mini_spirals, layout_loops_ring, serial_shops, shop
D:2:      layout_rooms, basic_altar, reono_crystal_passage, minmay_tetromino_l2,
          uniq_robin, uniq_jessica, uniq_crazy_yiuf_cottage
D:3:      layout_loops_ring, uniq_sigmund, uniq_natasha
D:4:      layout_rooms, ebering_ghost_sewer_d, nicolae_take_the_stairs,
          grunt_ministairs_6, ebering_dispersal_statue_hall,
          minmay_ogre_servants
D:5:      nicolae_cairo_tiling_large, layout_basic, slow_altar_2,
          minmay_temple_entry_junction_2, portal_sewer_entry_b
D:6:      layout_cave_pools

Skill      XL: |  1  2  3  4  5  6 |
---------------+-------------------+-----
Spellcasting   | 4 5 6 7 |  7.7
Conjurations   | 5 6 7 |  7.4
Dodging        | |  2.4
Stealth        | |  2.4

Action                     |  1- 3 |  4- 6 |  7- 9 || total
---------------------------+-------+-------+-------++-------
  Melee: Falchion          |     1 |     9 |       ||    10
   Cast: Magic Dart        |    51 |    49 |       ||   100
         Searing Ray       |     3 |    17 |     2 ||    22
    Use: Scroll            |       |     1 |       ||     1
 Armour: Robe              |     1 |     3 |       ||     4
  Dodge: Dodged            |     7 |    22 |     1 ||    30
